 Dungeon Crawl Stone Soup version 0.26-a0-597-gb535b0901c (webtiles) character file.

Game seed: 9722750758767389539

231 Alarkh the Ruffian (level 5, -1/38 HPs)
             Began as a Demonspawn Gladiator on Sept 12, 2020.
             Slain by a centaur (8 damage)
             ... on level 7 of the Dungeon.
             The game lasted 00:02:31 (2389 turns).

Alarkh the Ruffian (Demonspawn Gladiator)           Turns: 2389, Time: 00:02:31

Health: -1/38      AC:  4    Str: 15      XL:     5   Next: 72%
Magic:  5/5        EV: 12    Int:  9 (10) God:
Gold:   145        SH:  0    Dex: 12      Spells: 4/4 levels left

rFire    . . .     SeeInvis +     - Unarmed
rCold    . . .     Faith    .   (no shield)
rNeg     . . .     Spirit   .   a - +0 leather armour
rPois    .         Reflect  .   b - +0 helmet
rElec    .         Harm     .   (no cloak)
rCorr    .                      (no gloves)
MR       .....                  (no boots)
Stlth    +.........             j - amulet of the acrobat
HPRegen  0.12/turn              (no ring)
MPRegen  0.09/turn              h - ring of see invisible

@: mighty, hasted, very quick
A: claws 1, talons 1, blink, clumsy 1
a: Blink


You were on level 7 of the Dungeon.
You visited 1 branch of the dungeon, and saw 5 of its levels.

You collected 145 gold pieces.

Inventory:

Missiles
 c - 3 throwing nets (quivered)
Armour
 a - a +0 leather armour (worn)
 b - a +0 helmet (worn)
Jewellery
 g - an uncursed ring of fire
 h - a ring of see invisible (right claw)
 j - an amulet of the acrobat (around neck)
Wands
 m - a wand of random effects (24)
 n - a wand of disintegration (15)
Scrolls
 d - a scroll of identify
 e - 2 scrolls of remove curse {unknown}
 f - a scroll of teleportation
 k - 2 scrolls of blinking {unknown}
 l - a scroll of random uselessness {unknown}
 o - a scroll of amnesia {unknown}
 t - a scroll of noise {unknown}
Potions
 i - 2 potions of curing
 p - a potion of cancellation
 s - a potion of flight {unknown}


   Skills:
 - Level 2.0 Fighting
 - Level 1.7 Throwing
 - Level 2.6 Dodging
 + Level 5.9 Unarmed Combat


You had 4 spell levels left.
You didn't know any spells.
Your spell library was empty.

Dungeon Overview and Level Annotations

Branches:
Dungeon (4/15)
 Temple: D:4-7

Altars:
Makhleb


Innate Abilities, Weirdness & Mutations

You have sharp fingernails.
You have sharp toenails.
You can translocate small distances at will.
You are clumsy. (Dex -2)


Message History

The centaur is lightly wounded.
The centaur hits you.
Your leather armour prevents you from hitting the centaur.
The centaur is lightly wounded.
The centaur hits you.
* * * LOW HITPOINT WARNING * * *
You closely miss the centaur. You claw the centaur.
The centaur is moderately wounded.
The centaur barely misses you.
You barely miss the centaur.
The centaur is moderately wounded.
The centaur barely misses you.
You scratch the centaur. Your kick misses the centaur.
The centaur is moderately wounded.
The centaur hits you.
* * * LOW HITPOINT WARNING * * *
You barely miss the centaur.
The centaur is moderately wounded.
The centaur hits you!
You die...

#. #....# # ##.###
#.## ###..# .!##.#
#.##.## #$##..# #
#.#######.###.#..#
#......@(((..(.!.#
......c....##..#.#
#..................
#.############...###
# ..... #.>### #.#
.#


You could see a centaur.

Vanquished Creatures
  An ice beast (D:7)
  An orc wizard (D:3)
  3 adders
  A shadow imp (D:7)
  An ooze (D:2)
  An adder skeleton (D:2)
  4 worms
  5 leopard geckos
  4 orcs (D:3)
  A giant cockroach (D:3)
  5 goblins
  7 hobgoblins
  3 quokkas
  A ball python (D:2)
  7 bats
  5 frilled lizards
  4 kobolds
  A quokka skeleton (D:2)
  7 rats
62 creatures vanquished.

Notes
Turn   | Place    | Note
-------+----------+-------------------------------------------
     0 | D:1      | Alarkh the Demonspawn Gladiator began the quest for the
                  | Orb.
     0 | D:1      | Reached XP level 1. HP: 16/16 MP: 1/1
   102 | D:1      | Reached skill level 3 in Unarmed Combat
   200 | D:1      | Gained mutation: You have sharp fingernails. [demonic
                  | ancestry]
   200 | D:1      | Reached XP level 2. HP: 20/22 MP: 2/2
   874 | D:2      | Reached XP level 3. HP: 26/27 MP: 3/3
   925 | D:2      | Reached skill level 4 in Unarmed Combat
   988 | D:2      | Found a burning altar of Makhleb.
  1398 | D:3      | Reached XP level 4. HP: 14/33 MP: 4/4
  1783 | D:3      | Reached skill level 5 in Unarmed Combat
  2337 | D:4      | You fall into a shaft and drop 3 floors!
  2360 | D:7      | Noticed an ice beast
  2366 | D:7      | Gained mutation: You have sharp toenails. [potion of
                  | mutation]
  2366 | D:7      | Gained mutation: You are clumsy. (Dex -2) [potion of
                  | mutation]
  2366 | D:7      | Gained mutation: You can translocate small distances at
                  | will. [potion of mutation]
  2368 | D:7      | Reached XP level 5. HP: 33/38 MP: 5/5
  2372 | D:7      | Killed an ice beast
  2376 | D:7      | Noticed a centaur
  2389 | D:7      | Slain by a centaur

Illustrated notes

Levels and vault maps discovered:
D:1:      sevenhm_arrival_forest_fort_small_3, layout_rooms
D:2:      minmay_inner_zag, layout_basic, bloody_makhleb
D:3:      layout_loops_ring
D:4:      layout_basic, cheibriados_altar_1, amethyst_killhole, uniq_duvessa
D:7:      layout_basic, yredelemnul_altar_generic,
          gammafunk_temple_overflow_wave, chequers_serial_rivers_micro_d,
          minmay_the_grid_2x2 [minmay_the_grid_embedded,
          minmay_the_grid_broken_lines, minmay_the_grid_square_x,
          minmay_the_grid_prize_four_corners_diamond_a]

Skill      XL: |  1  2  3  4 |
---------------+-------------+-----
Unarmed Combat | 3 4 5 |  5.9
Fighting       | |  2.0
Throwing       | |  1.7
Dodging        | |  2.6

Action                   |  1- 3 |  4- 6 || total
-------------------------+-------+-------++-------
Melee: Unarmed           |   154 |    68 ||   222
       Punch             |     1 |     1 ||     2
       Kick              |       |     2 ||     2
  Use: Potion            |     2 |     4 ||     6
       Scroll            |       |     1 ||     1
 Stab: Sleeping          |     1 |     1 ||     2
Armor: Leather armour    |    33 |    10 ||    43
Dodge: Dodged            |    82 |    50 ||   132

Table legend: (Time is in decaauts)
 A = Elapsed time spent in this place.
 B = Non-inter-level travel time spent in this place.
 C = Inter-level travel time spent in this place.
 D = Time resting spent in this place.
 E = Time spent auto-exploring this place.
 F = Levels seen in this place.
 G = Mean time per level.
                   A        B        C        D        E       F      G
               +--------+--------+--------+--------+--------+-----+--------+
         Total |   2364 |   2320 |     44 |    330 |   1562 |   5 |  472.8 |
       Dungeon |   2364 |   2320 |     44 |    330 |   1562 |   5 |  472.8 |
               +--------+--------+--------+--------+--------+-----+--------+

Top non-repeatable levels by time:
     D:2: 1099 daAuts
     D:3: 735 daAuts
     D:1: 468 daAuts
     D:7: 43 daAuts
     D:4: 16 daAuts
